Map: At Eternity's Edge LE

Players

Yoyo - Winner!

  • Race: Terran Terran
  • League: Grandmaster

Zesty

  • Race: Zerg Zerg
  • League: Grandmaster

VOD

Have the link to the VOD?

Description

Time

  • Played on: Aug. 6, 2026, 10:19 p.m.
  • Length: 20:28
Show
View Real Time Build Order
Export as new Build Order

Yoyo Terran - Winner!

Build Orders: Reaper Expand 

Get SALT Encoding   

  8  0:00  SCV  
  9  0:12  SCV  
  10  0:24  SCV  
  11  0:33  Supply Depot  
  11  0:37  SCV  
  12  0:49  SCV  
  13  0:56  Barracks  
  13  1:00  Refinery  
  13  1:05  SCV  
  14  1:17  SCV  
  15  1:29  SCV  
  16  1:43  Orbital Command, Reaper  
  17  1:59  Command Center  
  18  2:08  SCV  
  18  2:11  Supply Depot  
  18  2:17  Marine  
  18  2:20  SCV  
  20  2:32  SCV  
  20  2:34  Factory  
  21  2:44  SCV  
  23  2:56  Barracks Reactor  
  23  2:57  SCV  
  23  3:09  SCV  
  23  3:12  Orbital Command  
  24  3:21  SCV  
  24  3:25  Command Center  
  25  3:30  Starport  
  25  3:33  SCV  
  26  3:38  Refinery  
  26  3:39  SCV, Hellion  
  26  3:40  Hellion  
  31  3:45  SCV  
  32  3:51  SCV  
  32  3:52  Barracks Tech Lab  
  33  3:57  SCV  
  33  4:01  Hellion x2  
  38  4:03  SCV  
  38  4:09  SCV  
  40  4:10  Supply Depot  
  40  4:15  SCV  
  41  4:21  SCV  
  42  4:28  Barracks  
  42  4:31  Banshee, Factory Reactor, SCV  
  42  4:35  SCV  
  47  4:38  Barracks  
  47  4:39  Orbital Command  
  47  4:42  Refinery  
  47  4:44  SCV  
  48  4:47  SCV  
  49  4:56  SCV  
  49  4:58  Supply Depot  
  49  4:59  Engineering Bay, SCV  
  51  5:00  Engineering Bay  
  51  5:04  Orbital Command  
  52  5:09  SCV  
  52  5:12  SCV  
  53  5:15  Refinery  
  53  5:18  Marine x2  
  53  5:21  SCV  
  56  5:23  Factory Reactor  
  56  5:24  SCV, Marine  
  56  5:25  Starport Reactor, Stimpack  
  58  5:28  Terran Infantry Armor Level 1  
  58  5:31  Terran Infantry Weapons Level 1  
  58  5:32  SCV  
  58  5:33  SCV  
  60  5:36  SCV, Marine x3  
  60  5:38  Marine  
  60  5:40  Supply Depot  
  65  5:43  Marine  
  65  5:44  SCV  
  65  5:45  SCV  
  65  5:48  SCV  
  69  5:54  Marine x2  
  69  5:56  Supply Depot  
  71  6:01  Marine x2, SCV x2  
  71  6:02  Widow Mine x2  
  79  6:15  Marine x2  
  79  6:16  Marine  
  78  6:18  Medivac x2  
  78  6:19  Marine  
  78  6:23  Marine, Widow Mine x2  
  78  6:24  SCV x3  
  86  6:33  Marine  
  86  6:38  Supply Depot  
  87  6:43  Supply Depot  
  87  6:54  Supply Depot  
  87  6:55  Armory, Supply Depot  
  87  6:57  Supply Depot  
  87  6:58  Supply Depot  
  87  7:00  Marine x5, SCV x3  
  95  7:02  Command Center  
  95  7:04  Combat Shield, Medivac x2  
  95  7:05  Widow Mine x2  
  103  7:16  SCV x2  
  103  7:17  Marine x5  
  95  7:27  Barracks  
  95  7:29  Barracks  
  93  7:30  Widow Mine x2  
  93  7:31  SCV x2  
  93  7:35  Marine x4  
  93  7:36  Marine  
  104  7:42  Medivac x2  
  104  7:43  SCV x2  
  110  7:53  Marine x4, Terran Infantry Weapons Level 2, Terran Infantry Armor Level 2  
  110  7:54  Marine, SCV  
  110  7:56  Factory  
  110  7:57  SCV x2  
  118  8:06  SCV  
  118  8:08  Widow Mine x2  
  118  8:09  SCV  
  118  8:11  Marine x4  
  118  8:12  Marine  
  122  8:20  Medivac  
  122  8:21  Medivac  
  126  8:29  Marine x4  
  126  8:30  Marine  
  130  8:46  Widow Mine x2, Marine x4  
  130  8:48  Marine  
  139  8:53  Medivac x2  
  139  8:54  Barracks Reactor x2  
  138  8:57  SCV x2  
  138  9:00  Barracks  
  138  9:02  Barracks  
  140  9:04  Barracks, Marine x4  
  140  9:05  Marine  
  140  9:06  Planetary Fortress, SCV  
  140  9:09  SCV  
  146  9:22  Marine x2  
  148  9:26  Factory Tech Lab  
  148  9:42  Supply Depot x2  
  148  9:44  Marine x8  
  156  9:52  SCV  
  156  9:53  SCV  
  156  9:54  Widow Mine  
  156  9:56  Widow Mine  
  156  9:59  Command Center  
  153  10:04  Barracks Tech Lab x3, Marine  
  153  10:05  Widow Mine, Marine x3  
  153  10:06  Drilling Claws  
  158  10:08  SCV x2  
  158  10:10  Supply Depot  
  158  10:11  Supply Depot, Terran Infantry Weapons Level 3, Terran Infantry Armor Level 3  
  158  10:15  Widow Mine  
  158  10:18  Marine  
  158  10:19  Marine x2  
  162  10:24  Marine x4, Widow Mine  
  162  10:25  Marauder x4  
  162  10:26  Widow Mine, Marine  
  169  10:32  SCV x2  
  171  10:36  Marine x3, Widow Mine  
  171  10:42  Marine x3  
  178  10:43  Marine  
  178  10:45  Widow Mine  
  178  10:46  Marauder  
  178  10:47  Marauder, SCV x2  
  188  10:53  Widow Mine  
  186  10:58  Widow Mine  
  186  11:02  Marine  
  186  11:03  Marauder  
  188  11:05  Marine  
  188  11:06  Marauder  
  188  11:17  Supply Depot x2  
  188  11:21  Command Center  
  188  11:24  Marine, Command Center  
  188  11:25  Widow Mine, Marauder  
  188  11:27  Marine x2, Widow Mine  
  188  11:28  Marauder  
  188  11:30  Widow Mine  
  188  11:38  Marine x2, SCV x2  
  188  11:39  Marauder x2  
  196  11:41  Command Center  
  196  11:44  Marine  
  196  11:46  Marine x2  
  196  11:47  Marauder, Widow Mine  
  188  11:48  Liberator x2, Widow Mine  
  188  11:49  Marauder  
  188  11:52  Widow Mine  
  188  11:53  Starport x2  
  198  11:54  Fusion Core  
  198  11:55  Refinery x2, SCV x2  
  198  11:59  Refinery x2  
  189  12:03  Marine x6  
  189  12:04  Marauder  
  189  12:08  Widow Mine  
  194  12:10  Widow Mine  
  194  12:11  Concussive Shells  
  194  12:13  Marauder x2  
  194  12:26  Marine, Marauder  
  195  12:41  Marine, Marauder  
  193  12:44  Medivac x2  
  193  12:45  Marine, Marauder  
  193  12:47  Widow Mine x2  
  193  12:51  Starport Reactor x2  
  200  12:57  Marine x2  
  200  12:58  Marauder  
  194  13:04  Widow Mine, Marine x2, Marauder  
  191  13:07  SCV x2  
  191  13:08  Widow Mine  
  191  13:09  Marine, Marauder x2  
  196  13:14  Marine x2, Medivac x2  
  196  13:15  Widow Mine  
  196  13:18  SCV  
  196  13:19  Marauder, SCV  
  192  13:20  Marine x2  
  192  13:24  Marine x2  
  192  13:26  Marauder  
  198  13:31  Marauder  
  198  13:33  Orbital Command x2  
  200  13:37  Command Center x2, Marine  
  200  13:38  Marauder  
  189  13:50  Marine  
  189  13:51  Marine x3, Marauder  
  189  13:52  Widow Mine x2  
  183  14:04  Marine, Marauder  
  183  14:05  Widow Mine  
  184  14:12  Medivac  
  184  14:13  Medivac, Widow Mine  
  184  14:14  Medivac x3  
  184  14:15  Marauder x2  
  200  14:19  Planetary Fortress  
  200  14:23  Missile Turret  
  200  14:25  Missile Turret, Sensor Tower  
  195  14:34  Marine x3, Marauder  
  193  14:47  Liberator x4  
  193  14:51  Widow Mine x3  
  200  14:57  Ghost Academy, Hi-Sec Auto Tracking  
  200  14:58  Neosteel Armor  
  200  15:01  Refinery  
  200  15:02  Refinery  
  200  15:19  Liberator x2  
  190  15:26  Advanced Ballistics  
  188  15:29  Terran Ship Weapons Level 1, Liberator  
  188  15:30  Liberator x3  
  184  15:51  Marauder x3  
  184  15:52  Marine x4, Widow Mine x2  
  184  15:56  Marine x3  
  178  15:59  Marine  
  178  16:00  Marauder  
  178  16:01  Orbital Command x2  
  172  16:10  Marine x2  
  172  16:12  Marauder  
  172  16:13  Marauder x2, Widow Mine  
  172  16:14  Widow Mine  
  172  16:16  Marine x2  
  172  16:17  Medivac x2  
  187  16:21  Marauder  
  185  16:32  Command Center, Marine x5  
  184  16:33  Ghost x2  
  184  16:34  Command Center x2, Marauder  
  184  16:36  Command Center  
  194  16:42  Marauder  
  194  16:45  Medivac x2  
  198  16:55  Marauder  
  199  17:11  Ghost x2  
  199  17:21  Marine, Marauder x2  
  153  17:30  Marine x6  
  153  17:31  Liberator x3  
  153  17:32  Marine  
  165  17:39  Marine, Ghost x2  
  165  17:41  Liberator  
  165  17:42  Ghost, Marine  
  170  17:48  Marine x2  
  170  17:50  Liberator x2  
  172  17:55  Marine x5  
  172  17:56  Marine  
  175  17:59  Planetary Fortress  
  175  18:00  Ghost  
  176  18:08  Ghost  
  174  18:18  Marine x2, Marauder  
  174  18:19  Widow Mine  
  179  18:20  Widow Mine, Marine x2, Marauder  
  179  18:23  Orbital Command  
  183  18:29  Unknown  
  179  18:39  Ghost x2  
  179  18:40  Ghost  
  178  18:41  Ghost, Liberator x2  
  182  18:54  Command Center  
  182  18:55  Command Center  
  182  18:56  Command Center  
  182  19:05  Sensor Tower, Missile Turret  
  182  19:07  Missile Turret  
  182  19:08  Missile Turret  
  170  19:26  Liberator x2  
  170  19:28  Marine  
  170  19:29  Marine x3, Marauder x4  
  188  19:50  Marauder x2  
Show
View Real Time Build Order
Export as new Build Order

Zesty Zerg 

Build Orders: Pool First 

Get SALT Encoding   

  8  0:02  Drone  
  9  0:15  Drone  
  9  0:16  Drone  
  11  0:22  Drone  
  12  0:36  Overlord  
  12  0:55  Drone x2  
  12  0:56  Drone  
  15  1:04  Spawning Pool  
  15  1:09  Drone  
  15  1:15  Drone  
  16  1:27  Drone  
  17  1:37  Hatchery  
  16  1:40  Drone  
  16  1:47  Overlord  
  17  1:58  Queen  
  17  2:00  Extractor  
  18  2:05  Drone  
  18  2:06  Drone  
  20  2:14  Drone  
  21  2:26  Drone  
  22  2:34  Queen  
  24  2:40  Overlord  
  24  2:51  Hatchery  
  23  2:56  Drone x2  
  25  3:00  Drone  
  26  3:08  Drone x2  
  28  3:15  Drone x3  
  31  3:20  Metabolic Boost  
  31  3:25  Overlord  
  31  3:27  Drone  
  31  3:29  Drone  
  33  3:36  Queen  
  35  3:44  Drone x4  
  39  3:57  Drone x5  
  44  4:03  Overlord x2  
  44  4:08  Queen  
  46  4:10  Zergling x4  
  48  4:19  Zergling x2  
  48  4:23  Zergling x2  
  50  4:25  Zergling x2  
  50  4:27  Zergling x6  
  54  4:35  Drone  
  54  4:36  Drone x2, Queen  
  59  4:44  Drone x3  
  61  4:54  Drone x2  
  61  4:55  Drone x3  
  65  5:03  Overlord  
  65  5:04  Lair  
  65  5:06  Drone x2  
  67  5:07  Baneling Nest  
  67  5:10  Drone  
  67  5:11  Overlord  
  67  5:12  Overlord  
  67  5:18  Hatchery  
  67  5:20  Overlord  
  67  5:21  Queen  
  66  5:25  Zergling x8  
  72  5:30  Spore Crawler  
  72  5:32  Extractor  
  72  5:33  Spore Crawler  
  72  5:35  Extractor, Spore Crawler  
  67  5:37  Extractor  
  67  5:38  Spore Crawler  
  67  5:42  Drone x8  
  74  5:55  Drone x3  
  74  5:56  Drone x6  
  83  6:02  Evolution Chamber  
  83  6:03  Centrifugal Hooks, Evolution Chamber  
  81  6:07  Overseer  
  81  6:18  Drone x6  
  80  6:28  Extractor  
  79  6:33  Drone x6  
  85  6:40  Hatchery  
  85  6:42  Zergling x8  
  85  6:43  Zergling x4, Baneling x9  
  90  6:49  Zergling x2  
  90  6:51  Zerg Ground Armor Level 1  
  91  6:58  Zergling x14  
  98  7:03  Queen  
  98  7:04  Zergling x6  
  98  7:05  Overlord x5  
  97  7:17  Hatchery  
  99  7:22  Zergling x12  
  99  7:23  Zergling x4  
  99  7:26  Zerg Melee Weapons Level 1  
  101  7:32  Infestation Pit, Drone x9, Extractor  
  101  7:33  Hydralisk Den, Drone, Extractor  
  106  7:38  Drone x5  
  111  7:53  Drone x11  
  122  8:00  Overlord x4  
  122  8:02  Muscular Augments  
  122  8:09  Baneling x7, Zergling x12  
  122  8:10  Zergling x2  
  126  8:15  Zergling x10  
  126  8:19  Zergling x2  
  122  8:25  Zergling x12  
  125  8:31  Queen  
  125  8:32  Hydralisk x6  
  133  8:45  Zergling x22  
  130  8:56  Zergling x18  
  130  8:59  Queen  
  130  9:02  Hive  
  137  9:06  Drone x12  
  144  9:15  Grooved Spines  
  141  9:19  Hydralisk x7  
  141  9:21  Overseer  
  141  9:23  Overseer, Pneumatized Carapace  
  155  9:26  Zerg Ground Armor Level 2, Zerg Melee Weapons Level 2  
  155  9:29  Drone x4  
  156  9:42  Zergling x26  
  169  9:49  Overseer  
  162  9:58  Zergling x24  
  162  10:03  Hatchery, Infestor x5  
  166  10:26  Zergling x22  
  171  10:28  Baneling  
  171  10:29  Baneling x13  
  171  10:39  Zergling x8  
  171  10:40  Overlord x2  
  148  11:05  Zergling x32  
  164  11:12  Hydralisk  
  164  11:15  Queen  
  168  11:21  Queen  
  154  11:29  Hydralisk x9  
  169  11:38  Queen  
  171  11:42  Zerg Missile Weapons Level 1  
  171  11:45  Hatchery  
  149  11:47  Zergling x24  
  140  12:05  Zergling x20  
  140  12:06  Queen  
  140  12:08  Zerg Ground Armor Level 3  
  151  12:13  Unknown  
  150  12:15  Overseer  
  150  12:31  Zergling x4  
  150  12:32  Zergling x20  
  129  12:49  Zergling x22  
  134  12:51  Baneling x13  
  127  13:07  Zergling x14  
  127  13:09  Hydralisk x3  
  127  13:10  Hatchery  
  135  13:15  Hydralisk x3  
  129  13:27  Queen x2  
  129  13:29  Hydralisk x6  
  129  13:32  Hatchery  
  142  13:42  Drone x4  
  142  13:43  Drone  
  131  13:57  Zergling x20  
  139  14:06  Zergling x8  
  144  14:10  Hydralisk x5  
  153  14:17  Hydralisk x3  
  152  14:31  Queen  
  149  14:54  Overseer  
  149  14:56  Zergling x36  
  149  14:58  Overseer  
  167  15:06  Queen  
  148  15:27  Zergling x28  
  153  15:34  Infestor x4  
  159  15:47  Zergling x12  
  146  16:00  Zergling x8  
  146  16:01  Zergling x10  
  146  16:13  Drone x5  
  146  16:20  Spore Crawler  
  146  16:23  Drone  
  138  16:29  Hydralisk x6  
  150  16:35  Hatchery  
  149  16:41  Hydralisk x7  
  149  16:42  Zerg Missile Weapons Level 2  
  149  16:43  Zerg Melee Weapons Level 3  
  162  16:49  Overlord x4  
  162  16:59  Baneling x6  
  162  17:00  Baneling x9  
  162  17:09  Hatchery  
  105  17:32  Infestor x2  
  105  17:33  Infestor x4, Hatchery  
  116  17:43  Zergling x16  
  122  18:02  Zergling x12  
  121  18:19  Zergling x12  
  117  18:31  Drone x3  
  113  18:43  Infestor x3  
  119  18:53  Drone x5  
  119  18:54  Drone  
  123  19:14  Hydralisk x4  
  131  19:22  Zergling x10  
  134  20:01  Hatchery  
Tags
 
Add a new tag
Caveats
  • Supply blocks, unpowered buildings, or Contaminate may cause inaccurate times.
  • Supply counts are checked every 10 seconds.